 Dungeon Crawl Stone Soup version 0.30-a0-161-gdd60e06945 (webtiles) character file.

Game seed: 11556176977197052158

48 qw the Chopper (level 3, -6/23 HPs)
             Began as a Gargoyle Fighter on Sept 27, 2022.
             Mangled by a gnoll
             ... wielding a +0 spear
              (8 damage)
             ... on level 2 of the Dungeon.
             The game lasted 00:00:32 (1740 turns).

qw the Chopper (Gargoyle Fighter)                   Turns: 1740, Time: 00:00:32

Health: -6/23      AC: 12    Str: 21    XL:     3   Next: 72%
Magic:  3/3        EV:  7    Int:  8    God:
Gold:   62         SH:  4    Dex:  9    Spells: 2/2 levels left

rFire   . . .      SeeInvis .    Y - +0 war axe
rCold   . . .      Faith    .    c - +0 buckler
rNeg    + . .      Spirit   .    g - +0 chain mail
rPois   inf        Reflect  .    (no helmet)
rElec   +          Harm     .    (no cloak)
rCorr   .          Rampage  .    (no gloves)
Will    .....                    (no boots)
Stlth   ..........               (no amulet)
HPRegen 0.07/turn                (no ring)
MPRegen 0.08/turn                (no ring)

@: no status effects
A: sickness immunity, AC +3, negative energy resistance 1, electricity
resistance, torment resistance 1, petrification resistance
a: no special abilities


You were on level 2 of the Dungeon.
You visited 1 branch of the dungeon, and saw 2 of its levels.

You collected 62 gold pieces.


Innate Abilities, Weirdness & Mutations

You are immune to sickness and miasma.
Your stone body is resilient. (AC +3)
You are immune to poison.
You resist negative energy. (rN+)
You are resistant to electric shocks. (rElec)
You are resistant to unholy torment.
You are immune to petrification.


   Skills:
 - Level 3.2 Fighting
 + Level 3.6 Axes
 - Level 3.2 Armour
 - Level 3.2 Shields


You had 2 spell levels left.
You didn't know any spells.
Your spell library was empty.

Inventory:

Hand Weapons
 f - a +0 whip
 Y - a +0 war axe (weapon)
Armour
 c - a +0 buckler (worn)
 e - a +0 tower shield
 g - a +0 chain mail (worn)
Potions
 a - a potion of cancellation {unknown}
 b - a potion of flight {unknown}
 d - a potion of might

Dungeon Overview and Level Annotations

Branches:
Dungeon (2/15)

Altars:


Message History

You block the gnoll's attack. The gnoll hits you but does no damage.
The gnoll hits you but does no damage.
The gnoll hits you from afar with a +0 spear.
Things that are here:
a frilled lizard corpse; a hobgoblin corpse You closely miss the gnoll.
You block the gnoll's attack. The gnoll hits you but does no damage.
You completely miss the gnoll.
The gnoll hits you but does no damage. x2
You closely miss the gnoll.
You block the gnoll's attack. x2; The gnoll hits you but does no damage.
The gnoll closely misses you.
You hit the gnoll.
The gnoll is moderately wounded.
The gnoll hits you from afar with a +0 spear.
The gnoll hits you with a +0 spear.
You hit the gnoll.
The gnoll is severely wounded.
The gnoll hits you with a +0 spear.
The gnoll hits you from afar with a +0 spear.
The gnoll hits you but does no damage. You block the gnoll's attack.
You completely miss the gnoll.
The gnoll is severely wounded.
The gnoll hits you but does no damage. The gnoll hits you with a +0 spear.
You hit the gnoll.
The gnoll is severely wounded.
You block the gnoll's attack. The gnoll hits you but does no damage.
You hit the gnoll but do no damage.
The gnoll is severely wounded.
The gnoll hits you but does no damage.
The gnoll hits you from afar with a +0 spear.
The gnoll hits you but does no damage. x2
You hit the gnoll.
The gnoll is almost dead.
The gnoll hits you from afar with a +0 spear.
You block the gnoll's attack.
You slash the gnoll!
You kill the gnoll!
The gnoll hits you from afar with a +0 spear!
You die...

##...#. ###.#
######......
.....#
##....%.<....
......#
##..####......
...)... #).##
#>.....
...=... ###.##
#......
.?..... #...#
#......
.......###.###
#######
......g)@..#
......g#####
.......
.....g.
.....l.
.......
.?...gg
......#


You could see 2 gnolls.

Vanquished Creatures
  A gnoll (D:2)
  An adder (D:2)
  A worm (D:2)
  A dart slug (D:2)
  A bat (D:1)
  6 endoplasms (D:1)
  2 giant cockroaches
  2 goblins (D:1)
  3 hobgoblins
  4 quokkas
  2 ball pythons (D:1)
  5 frilled lizards
  2 kobolds
  A rat (D:2)
32 creatures vanquished.

Notes
Turn   | Place    | Note
-------+----------+-------------------------------------------
     0 | D:1      | qw the Gargoyle Fighter began the quest for the Orb.
     0 | D:1      | Reached XP level 1. HP: 14/14 MP: 1/1
     0 | D:1      | 0 ||| qw: Version: 0.2-a-10-g37ed214
     0 | D:1      | 0 ||| qw: Game counter: 667
     0 | D:1      | 0 ||| qw: Always use a shield: true
     0 | D:1      | 0 ||| qw: God list: Okawaru
     0 | D:1      | 0 ||| qw: Allow faded altars: false
     0 | D:1      | 0 ||| qw: Do Orc after D:15 true
     0 | D:1      | 0 ||| qw: Do second Lair branch before Depths: true
     0 | D:1      | 0 ||| qw: Lair rune preference: random
     0 | D:1      | 0 ||| qw: Plans: Normal, Zot:1-4, God:TSO, Crypt, Tomb,
                  | Pan, Slime:5, Hells, Abyss, Orb
     0 | D:1      | 0 ||| PLANNING D:1-11
   175 | D:1      | 175 ||| DROPPING +0 club.
   255 | D:1      | 255 ||| Stepping ~*~*~tactically~*~*~ (stealth).
   259 | D:1      | Reached XP level 2. HP: 19/19 MP: 2/2
   342 | D:1      | 342 ||| Stepping ~*~*~tactically~*~*~ (stealth).
   453 | D:1      | 453 ||| Stepping ~*~*~tactically~*~*~ (stealth).
   649 | D:1      | 649 ||| Stepping ~*~*~tactically~*~*~ (stealth).
   653 | D:1      | 653 ||| Stepping ~*~*~tactically~*~*~ (stealth).
  1007 | D:1      | Reached skill level 3 in Axes
  1141 | D:1      | Reached XP level 3. HP: 21/23 MP: 3/3
  1339 | D:1      | 1339 ||| UPGRADING to +0 chain mail.
  1349 | D:1      | 1349 ||| DROPPING +0 scale mail.
  1350 | D:1      | 1350 ||| READING 2 scrolls labelled UCYFES PUWI.
  1351 | D:1      | 1351 ||| READING scroll labelled RUMAIS UQAVUTE.
  1352 | D:1      | 1352 ||| READING scroll labelled FIDYIG KOYFOSE.
  1353 | D:1      | 1353 ||| READING scroll labelled BUWNIA RUORUI.
  1354 | D:1      | 1354 ||| DROPPING scroll of poison.
  1511 | D:2      | 1511 ||| Stepping ~*~*~tactically~*~*~ (stealth).
  1593 | D:2      | 1593 ||| Stepping ~*~*~tactically~*~*~ (hiding).
  1595 | D:2      | 1595 ||| Stepping ~*~*~tactically~*~*~ (hiding).
  1723 | D:2      | 1723 ||| Stepping ~*~*~tactically~*~*~ (hiding).
  1724 | D:2      | 1724 ||| Stepping ~*~*~tactically~*~*~ (hiding).
  1726 | D:2      | 1726 ||| Stepping ~*~*~tactically~*~*~ (hiding).
  1739 | D:2      | HP: 2/23 [gnoll/+0 spear (5)]
  1740 | D:2      | Mangled by a gnoll

Levels and vault maps discovered:
D:1:      ebering_hopf_link, layout_basic, hangedman_decor_clover_reticule
D:2:      layout_rooms, basic_altar

Skill      XL: |  1  2 |
---------------+-------+-----
Axes           | 2 3 |  3.6
Fighting       | |  3.2
Armour         | |  3.2
Shields        | |  3.2

Action                   || total
-------------------------++-------
Melee: War axe           ||   101
  Use: Scroll            ||     4
Armor: Scale mail        ||    22
       Chain mail        ||    29
Dodge: Dodged            ||    29
Block: Buckler           ||    24

Table legend:
 A = Non-vault XP
 B = Vault XP
 C = Vault XP percentage of total XP
 D = Non-vault monster count
 E = Vault monster count
 F = Vault count percentage of total count
                 A         B        C        D         E       F
            +---------+---------+-------+---------+---------+-------
      Total |      83 |       0 |   0.0 |      32 |       0 |   0.0
            +---------+---------+-------+---------+---------+-------
        D:1 |      35 |       0 |   0.0 |      20 |       0 |   0.0
        D:2 |      48 |       0 |   0.0 |      12 |       0 |   0.0
            +---------+---------+-------+---------+---------+-------
